 Dungeon Crawl Stone Soup version 0.30-a0-800-g7c544603b3 (webtiles) character file.

Game seed: 10699933077932468656

109 Pimp the Sneak (level 4, -2/23 HPs)
             Began as a Spriggan Brigand on Feb 21, 2023.
             Was an Initiate of Okawaru.
             Slain by an orc priest
             ... wielding a +0 whip
              (6 damage)
             ... on level 3 of the Dungeon.
             The game lasted 00:03:34 (1856 turns).

Pimp the Sneak (Spriggan Brigand)                   Turns: 1856, Time: 00:03:35

Health: -2/23      AC:  3    Str:  7    XL:     4   Next: 60%
Magic:  5/5        EV: 17    Int: 12    God:    Okawaru [......]
Gold:   127        SH:  0    Dex: 18    Spells: 1/4 levels left

rFire   . . .      SeeInvis +    a - +3 dagger
rCold   . . .      Faith    .    (no shield)
rNeg    . . .      Spirit   .    b - +0 robe
rPois   .          Reflect  .    (helmet restricted)
rElec   .          Harm     .    c - +0 cloak
rCorr   .          Rampage  .    (gloves unavailable)
Will    .....                    (boots unavailable)
Stlth   ++++                     (no amulet)
HPRegen 0.23/turn                l - ring of flight
MPRegen 0.09/turn                (no ring)

@: about to teleport, flying, very quick
A: very small, no large weapons, unfitting armour, see invisible, speed 3
a: Renounce Religion


You were on level 3 of the Dungeon.
You worshipped Okawaru.
Okawaru was noncommittal.
You visited 1 branch of the dungeon, and saw 3 of its levels.

You collected 127 gold pieces.

Inventory:

Hand Weapons
 a - a +3 dagger (weapon)
Missiles
 d - 14 poisoned darts (quivered)
 e - 3 curare-tipped darts
Armour
 b - a +0 robe (worn)
 c - a +0 cloak (worn)
Jewellery
 l - a ring of flight (left hand)
Scrolls
 f - a scroll of magic mapping
 i - a scroll of poison
 j - 3 scrolls of teleportation
 m - a scroll of amnesia {unknown}
 n - a scroll of torment {unknown}
Potions
 h - a potion of brilliance {unknown}
 k - a potion of lignification {unknown}


   Skills:
 + Level 2.2 Fighting
 + Level 3.0 Short Blades
 + Level 2.8 Throwing
 + Level 2.6 Dodging
 + Level 6.6 Stealth
 + Level 0.5 Spellcasting
 + Level 0.0 Conjurations
 + Level 0.0 Air Magic
 + Level 0.1 Poison Magic


You had one spell level left.
You knew the following spells:

 Your Spells              Type           Power      Damage    Failure   Level
a - Mephitic Cloud        Conj/Pois/Air  0%         N/A       67%         3

Your spell library contained the following spells:

 Spells                   Type           Power      Damage    Failure   Level
 Apportation              Tloc           0%         N/A       32%         1
 Necrotise                Necr           0%         1d4       32%         1
 Cigotuvi's Dreadful Rot  Necr/Pois/Air  0%         N/A       43%         2
 Poisonous Vapours        Pois/Air       0%         N/A       43%         2
 Inner Flame              Hex/Fire       0%         N/A       67%         3
 Portal Projectile        Hex/Tloc       0%         N/A       67%         3
 Cause Fear               Hex            0%         N/A       97%         4
 Alistair's Intoxication  Tmut/Pois      0%         N/A       100%        5
 Blade Hands              Tmut           0%         N/A       100%        5
 Borgnjor's Vile Clutch   Necr/Erth      0%         N/A       100%        5
 Eringya's Noxious Bog    Tmut/Pois      0%         N/A       100%        6
 Discord                  Hex            0%         N/A       100%        8
 Summon Small Mammal      Summ           Unusable   N/A       N/A         1
 Tukima's Dance           Hex            Unusable   N/A       N/A         3

Dungeon Overview and Level Annotations

Branches:
Dungeon (3/15)

Altars:
Okawaru


Innate Abilities, Weirdness & Mutations

You are very small and have problems with some larger weapons.
You are too small for most types of armour.
You have supernaturally acute eyesight. (SInv)
You cover ground extremely quickly. (Speed+++)


Message History

You hit the orc wizard but do no damage.
The orc wizard barely misses you.
You hit the orc wizard.
The orc wizard is lightly wounded.
You hit the orc wizard.
The orc wizard is moderately wounded.
The orc wizard closely misses you.
You hit the orc wizard.
The orc wizard is heavily wounded.
The orc priest misses you. The orc wizard misses you.
You hit the orc priest.
The orc priest is moderately wounded.
The orc wizard hits you with a +0 dagger.
The orc priest closely misses you.
You hit the orc priest.
The orc priest is heavily wounded.
The orc priest invokes the aid of Beogh against you.
Beogh smites you!
The orc wizard hits you with a +0 dagger.
You hit the orc priest.
The orc priest is severely wounded.
The orc priest casts a cantrip, but nothing happens.
The orc wizard hits you with a +0 dagger.
* * * LOW HITPOINT WARNING * * *
As you read the scroll of teleportation, it crumbles to dust.
You feel strangely unstable.
The orc wizard hits you with a +0 dagger.
* * * LOW HITPOINT WARNING * * *
The orc priest barely misses you.
You feel much better.
The orc priest mumbles some strange prayers to Beogh against you.
Beogh smites you!
Ouch! That really hurt!
* * * LOW HITPOINT WARNING * * *
The orc wizard closely misses you.
You closely miss the orc priest.
You punch the orc priest, but do no damage.
The orc priest is severely wounded.
The orc priest hits you with a +0 whip.
You die...

...............# #.####..♣≈.≈._.≈
...............###.#.....♣≈.≈...≈
.....................##..♣≈..≈≈≈.
.....................##..♣.≈≈≈≈≈≈
.......(.....†>####..#...♣.......
..........................♣♣♣♣♣♣♣
............†.)..#............#..
...............#.##........##....
................@o...............
#######........#.o#!......#####.<
#..(......##...##..........#
...#.......###..##....#####>.
##.####..<### #...#....# #.. #.
#...# ##..##..## ..# .. #.#..
.......# ... #. #.#.## #.#....#
.... #.##.... ...


You could see an orc priest and an orc wizard.

Vanquished Creatures
  2 adders (D:2)
  3 gnolls (D:1)
  A worm (D:3)
  5 dart slugs
  An orc (D:3)
  3 bats
  5 endoplasms
  4 goblins
  5 hobgoblins
  A kobold (D:2)
  3 quokkas (D:2)
  6 ball pythons
  4 frilled lizards (D:1)
  5 rats
48 creatures vanquished.

Notes
Turn   | Place    | Note
-------+----------+-------------------------------------------
     0 | D:1      | Pimp the Spriggan Brigand began the quest for the Orb.
     0 | D:1      | Reached XP level 1. HP: 10/10 MP: 2/2
   161 | D:1      | Reached skill level 6 in Stealth
   161 | D:1      | Reached XP level 2. HP: 6/15 MP: 3/3
   322 | D:1      | Reached XP level 3. HP: 16/18 MP: 4/4
   875 | D:2      | Reached XP level 4. HP: 23/23 MP: 5/5
  1125 | D:2      | Learned a level 3 spell: Mephitic Cloud
  1604 | D:3      | Found an iron altar of Okawaru.
  1621 | D:3      | Became a worshipper of Warmaster Okawaru
  1856 | D:3      | Slain by an orc priest

Illustrated notes

Levels and vault maps discovered:
D:1:      minmay_arrival_wavy_path, layout_basic
D:2:      layout_basic
D:3:      layout_rooms, mainiacjoe_overflow_paths, brannock_xom_greatest_gift,
          minmay_vboxes

Skill      XL: |  1  2  3  4 |
---------------+-------------+-----
Stealth        | 6 |  6.6
Dodging        | 2 |  2.6
Fighting       | 2 |  2.2
Short Blades   | 3 |  3.0
Throwing       | |  2.8
Spellcasting   | |  0.5
Poison Magic   | |  0.1

Action                     |  1- 3 |  4- 6 || total
---------------------------+-------+-------++-------
  Melee: Dagger            |    76 |    72 ||   148
         Punch             |       |     1 ||     1
    Use: Scroll            |       |     6 ||     6
         Potion            |       |     1 ||     1
   Stab: Sleeping          |     9 |     4 ||    13
         Distracted        |       |     1 ||     1
 Armour: Robe              |     6 |     6 ||    12
  Dodge: Dodged            |    60 |    47 ||   107

Table legend: (Time is in decaauts)
 A = Elapsed time spent in this place.
 B = Non-inter-level travel time spent in this place.
 C = Inter-level travel time spent in this place.
 D = Time resting spent in this place.
 E = Time spent auto-exploring this place.
 F = Levels seen in this place.
 G = Mean time per level.
                   A        B        C        D        E       F      G
               +--------+--------+--------+--------+--------+-----+--------+
         Total |   1327 |   1309 |     18 |    224 |    743 |   3 |  442.3 |
       Dungeon |   1327 |   1309 |     18 |    224 |    743 |   3 |  442.3 |
               +--------+--------+--------+--------+--------+-----+--------+

Top non-repeatable levels by time:
     D:2: 575 daAuts
     D:1: 522 daAuts
     D:3: 229 daAuts
